 Dungeon Crawl Stone Soup version 0.22.1-2-g9c5b331 (webtiles) character file.

34152 video the Thaumaturge (level 13, 0/70 HPs)
             Began as a Tengu Fire Elementalist on Nov 19, 2018.
             Was a High Priest of Vehumet.
             Shot with an arrow by Nessos (17 damage)
             ... on level 14 of the Dungeon.
             The game lasted 03:23:04 (23888 turns).

video the Thaumaturge (Tengu Fire Elementalist)    Turns: 23888, Time: 03:23:04

Health: 0/70       AC: 11    Str: 12    XL:     13   Next: 75%
Magic:  20/30      EV: 17    Int: 20    God:    Vehumet [*****.]
Gold:   1003       SH:  0    Dex: 20    Spells: 3/37 levels left

rFire    . . .     SeeInvis .     - Unarmed
rCold    . . .     Gourm    .   (no shield)
rNeg     . . .     Faith    .   e - +2 robe {MR+}
rPois    .         Spirit   .   g - +2 hat
rElec    .         Reflect  .   (no cloak)
rCorr    .         Harm     .   (no gloves)
MR       +....     Clarity  +   (boots unavailable) Stlth ++++......Rnd*Tele +
                                i - amulet of regeneration
HPRegen  0.61/turn              w - +4 ring of dexterity
MPRegen  0.22/turn              O - +3 ring of protection

@: lethally poisoned (0 -> -1), hasted, very quick
A: beak, talons 3, thin skeletal structure 1, yellow scales 1, clarity, sense
surroundings 1, strong 1, teleportitis 1, able to fly 1
a: Fly, Renounce Religion


You were on level 14 of the Dungeon.
You worshipped Vehumet.
Vehumet was extremely pleased with you.
You were not hungry.

You visited 4 branches of the dungeon, and saw 21 of its levels.

You collected 1003 gold pieces.

Inventory:

Hand Weapons
 h - a +0 shortbow
 y - a +0 hand crossbow
 D - a +0 vampiric dagger
Missiles
 x - 371 arrows
Armour
 d - +0 acid dragon scales
 e - a +2 robe of magic resistance (worn)
 g - a +2 hat (worn)
 p - a +0 robe
 t - a +2 leather armour of magic resistance
 v - a +1 robe of resistance
 I - a +0 troll leather armour
 Q - a +1 hat
Jewellery
 i - an amulet of regeneration (around neck)
 w - a +4 ring of dexterity (left hand)
 O - a +3 ring of protection (right hand)
 R - an uncursed ring of flight
 T - an uncursed ring of flight
Wands
 f - a wand of random effects (34)
 B - a wand of disintegration (10)
 C - a wand of polymorph (18)
 M - a wand of digging (25)
 U - a wand of iceblast (2)
Scrolls
 j - a scroll of vulnerability
 k - 2 scrolls of enchant armour
 m - 2 scrolls of brand weapon
 r - 4 scrolls of magic mapping
 u - 5 scrolls of amnesia
 E - 3 scrolls of immolation
 F - 2 scrolls of noise
 G - a scroll of holy word {unknown}
 K - 3 scrolls of remove curse
 L - a scroll of summoning {unknown}
 N - a scroll of enchant weapon
Potions
 a - 2 potions of brilliance
 b - 4 potions of might
 l - 2 potions of flight
 n - 3 potions of agility
 o - 2 potions of degeneration
 q - 5 potions of mutation
 s - a potion of resistance
 H - 3 potions of lignification
 P - a potion of haste
Miscellaneous
 A - a box of beasts
Comestibles
 c - 15 rations


   Skills:
 + Level 3.7 Fighting
 - Level 1.0 Crossbows
 + Level 1.7 Armour
 + Level 6.9 Dodging
 + Level 5.0 Stealth
 - Level 5.0 Unarmed Combat
 * Level 12.8 Spellcasting
 + Level 12.7 Conjurations
 + Level 0.1 Hexes
 + Level 5.3 Translocations
 + Level 11.3 Fire Magic
 + Level 2.2 Evocations


You had 3 spell levels left.
You knew the following spells:

 Your Spells              Type           Power        Failure   Level  Hunger
a - Flame Tongue          Conj/Fire      #####        1%          1    None
b - Throw Flame           Conj/Fire      ######       1%          2    None
c - Conjure Flame         Conj/Fire      ######..     1%          3    None
d - Fireball              Conj/Fire      ######....   1%          5    ####...
e - Sticky Flame          Conj/Fire      ######..     1%          4    None
f - Searing Ray           Conj           ######       1%          2    None
g - Gell's Gravitas       Tloc           ####......   1%          3    None
h - Inner Flame           Hex/Fire       #####...     1%          3    None
i - Force Lance           Conj/Tloc      #####...     1%          4    None
j - Dazzling Spray        Conj/Hex       #####.       1%          3    None
k - Iskenderun's Mystic   Conj           ######..     1%          4    None

Your spell library contained the following spells:

 Spells                   Type           Power        Failure   Level  Hunger
 Throw Icicle             Conj/Ice       #####...     1%          4    None
 Magic Dart               Conj           ####         1%          1    None
 Confusing Touch          Hex            ##....       4%          1    None
 Summon Small Mammal      Summ           ##..         5%          1    None
 Call Imp                 Summ           ##......     8%          2    None
 Call Canine Familiar     Summ           ##......     16%         3    None
 Confuse                  Hex            ##......     16%         3    None
 Summon Guardian Golem    Hex/Summ       ##......     16%         3    None
 Fulminant Prism          Conj/Hex       #####.....   1%          4    None
 Yara's Violent Unravell  Hex/Tmut       ##........   32%         5    ####...
 Petrify                  Tmut/Erth      ##......     45%         4    None
 Summon Ice Beast         Ice/Summ       ##......     45%         4    None
 Summon Lightning Spire   Summ/Air       ##......     45%         4    None
 Metabolic Englaciation   Hex/Ice        ##........   80%         5    ####...


Dungeon Overview and Level Annotations

Branches:
Dungeon (15/15)            Temple (1/1) D:7            Lair (5/6) D:8
 Shoals (0/4) Lair:4        Snake (0/4) Lair:2          Orc (1/2) D:10
  Slime: Lair:5-6    Vaults: D:13-14     Depths: D:15

Altars:
Ashenzari
Cheibriados
Dithmenos
Gozag
Hepliaklqana
Kikubaaqudgha
Makhleb
Nemelex Xobeh
Okawaru
Qazlal
Ru
Sif Muna
Trog
Uskayaw
Vehumet
Wu Jian
Xom
Yredelemnul
Zin
The Shining One
Beogh

Shops:
D:7 :

Portals:
Trove: D:11 (lose all piety)

Annotations:
D:3 Sigmund
D:5 3 runed doors, Kay's ghost, novice DsMo
D:8 Maurice
D:14 Nessos
D:15 2 runed doors, Louise; diana's ghost, adept DrGl
Lair:3 2 runed doors, magicm's ghost, journeyman MiBe


Innate Abilities, Weirdness & Mutations

You have a beak for a mouth.
You have claws for feet.
You can fly.
You have a somewhat thin skeletal structure. (Dex +2, Stealth)
You are partially covered in yellow scales. (AC +2)
You possess an exceptional clarity of mind.
You passively map a small area around you.
Your muscles are strong. (Str +2)
You are occasionally teleported next to monsters.


Message History

Nessos seems to speed up.
The vampire mosquito barely misses you.
Found a scroll of vulnerability.
You feel sick. The vampire mosquito bites you.
* * * LOW HITPOINT WARNING * * *
The vampire mosquito draws strength from your injuries!
Nessos blinks!
You feel yourself speed up.
You feel sick. The vampire mosquito bites you.
* * * LOW HITPOINT WARNING * * *
The vampire mosquito draws strength from your injuries!
Nessos blinks!
The vampire mosquito misses you. The vampire mosquito barely misses you.
The worker ant bites you but does no damage.
The vampire mosquito closely misses you.
You feel much better. The vampire mosquito misses you.
The vampire mosquito bites you!
* * * LOW HITPOINT WARNING * * *
The vampire mosquito draws strength from your injuries!
The worker ant misses you. The vampire mosquito barely misses you.
You feel sick.
Nessos shoots an arrow.
The arrow hits you!
You die...

, , ##......., ,
,, .......# * *
*###....?.# ,
,,........#
#......# *
#......# * * , *
#....<.#
#....@.# *, , ,
#....y.#
#...y.a# * ,
###....Z.#
....†....####.#
,
...c..........#
........####..#*
, ........# #
,,........#


You could see Nessos, 2 vampire mosquitoes, a worker ant and a centaur warrior
skeleton.

Vanquished Creatures
  Harold (D:10)
  2 hydras
  3 two-headed ogres
  3 death yaks (Lair:4)
  Pikel (D:6)
  A black mamba (Lair:3)
  A centaur skeleton (D:15)
  8 spiny frogs
  3 kobold demonologists
  6 komodo dragons
  A polar bear (Lair:3)
  3 trolls
  A hornet (D:11)
  4 hippogriffs
  5 blink frogs (Lair:3)
  A meliai zombie (D:10)
  A snapping turtle (Lair:4)
  A shadow (D:11)
  A basilisk (Lair:3)
  A wraith (D:9)
  A hungry ghost (D:9)
  32 yaks
  7 vampire mosquitoes
  Menkaure (D:6)
  A soldier ant (D:12)
  An acid dragon (D:15)
  4 nagas (Lair:2)
  3 water moccasins
  6 ice beasts
  6 porcupines
  11 orc warriors
  A sky beast (D:9)
  6 ogres
  4 slaves
  An eye of draining (D:10)
  3 black bears
  4 phantoms
  34 wolves
  12 centaurs
  6 crocodiles
  14 big kobolds
  5 bullfrogs
  A gnoll sergeant (D:12)
  A wyvern skeleton (D:7)
  3 scorpions
  15 killer bees
  7 wights
  2 howler monkeys
  3 electric eels
  6 crimson imps
  A centaur zombie (D:7)
  3 jellies
  16 orc wizards
  3 quasits
  10 orc priests
  A gnoll shaman (D:6)
  12 hounds
  2 bullfrog skeletons (D:9)
  9 iguanas
  5 worker ants
  A hound skeleton (D:8)
  2 howler monkey zombies
  A worker ant zombie (D:11)
  13 gnolls
  A howler monkey skeleton (D:6)
  8 adders
  2 shadow imps
  2 adder skeletons
  2 adder zombies
  2 dart slugs
  9 leopard geckos
  53 orcs
  A ball python (D:3)
  9 bats
  5 giant cockroaches
  3 goblins
  15 hobgoblins
  16 jackals
  7 quokkas
  3 frilled lizards
  A jackal skeleton (D:8)
  25 kobolds
  A quokka skeleton (D:4)
  3 rats (D:1)
  A plant (Lair:4)
497 creatures vanquished.

Vanquished Creatures (collateral kills)
  A howler monkey (D:10)
  A centaur zombie (D:10)
2 creatures vanquished.

Vanquished Creatures (others)
  6 fungi
  2 plants (Lair:2)
8 creatures vanquished.

Grand Total: 507 creatures vanquished

Notes
Turn   | Place    | Note
-------+----------+-------------------------------------------
     0 | D:1      | video the Tengu Fire Elementalist began the quest for the
                  | Orb.
     0 | D:1      | Reached XP level 1. HP: 10/10 MP: 4/4
   119 | D:1      | Reached XP level 2. HP: 6/15 MP: 1/6
   467 | D:1      | Reached XP level 3. HP: 18/19 MP: 0/7
  1237 | D:2      | Learned a level 2 spell: Throw Flame
  1306 | D:2      | Reached skill level 1 in Unarmed Combat
  1313 | D:2      | Reached XP level 4. HP: 21/24 MP: 0/8
  2559 | D:3      | Noticed Sigmund
  2809 | D:3      | Gained mutation: You can fly. [Tengu growth]
  2809 | D:3      | Reached XP level 5. HP: 19/28 MP: 3/10
  2942 | D:4      | Found an iron altar of Okawaru.
  3721 | D:5      | Entered Level 5 of the Dungeon
  3721 | D:5      | Noticed an ice beast
  3734 | D:5      | Killed an ice beast
  3734 | D:5      | Reached XP level 6. HP: 5/33 MP: 1/11
  3983 | D:5      | Noticed a two-headed ogre
  4086 | D:6      | Noticed an ice beast
  4094 | D:6      | Killed an ice beast
  4094 | D:6      | Reached skill level 5 in Conjurations
  4094 | D:6      | Reached XP level 7. HP: 37/37 MP: 0/13
  4244 | D:6      | Reached skill level 5 in Fire Magic
  4440 | D:6      | Reached skill level 1 in Fighting
  4623 | D:6      | Found a transporter.
  4641 | D:6      | Noticed Menkaure
  4838 | D:6      | Reached XP level 8. HP: 40/43 MP: 9/15
  4909 | D:5      | Gained mutation: Your body sometimes deteriorates upon
                  | taking damage. [potion of mutation]
  4909 | D:5      | Lost mutation: Your body sometimes deteriorates upon taking
                  | damage. [potion of mutation]
  4909 | D:5      | Gained mutation: Your system is resistant to poisons.
                  | (rPois) [potion of mutation]
  4909 | D:5      | Gained mutation: You evolve. [potion of mutation]
  5411 | D:5      | Found a runed gate.
  5412 | D:5      | Found a runed gate.
  5413 | D:5      | Found a runed gate.
  5413 | D:5      | Found a roughly hewn altar of Beogh.
  5415 | D:5      | Noticed Kay's ghost (novice DsMo)
  5423 | D:5      | Learned a level 3 spell: Conjure Flame
  5517 | D:5      | Gained mutation: You are dopey. (Int -2) [evolution]
  6009 | D:6      | Noticed Pikel
  6364 | D:5      | Reached skill level 1 in Crossbows
  6533 | D:6      | Found an ancient bone altar of Kikubaaqudgha.
  6543 | D:6      | Found a basalt altar of Yredelemnul.
  6547 | D:6      | Found a transporter.
  6699 | D:6      | Killed Pikel
  6699 | D:6      | Reached skill level 5 in Spellcasting
  6699 | D:6      | Reached XP level 9. HP: 32/48 MP: 8/18
  6962 | D:6      | Learned a level 5 spell: Fireball
  6967 | D:6      | Learned a level 4 spell: Sticky Flame
  7106 | D:6      | Reached skill level 1 in Evocations
  8057 | D:6      | Killed Menkaure
  8187 | D:7      | Found a staircase to the Ecumenical Temple.
  8193 | D:7      | Found an opulent altar of Gozag.
  8215 | Temple   | Entered the Ecumenical Temple
  8289 | Temple   | Became a worshipper of Vehumet
  8582 | D:7      | Gained mutation: You are weak. (Str -2) [evolution]
  8746 | D:7      | Reached skill level 1 in Armour
  8747 | D:7      | Reached * piety under Vehumet
  8747 | D:7      | Offered knowledge of Freeze by Vehumet.
  8904 | D:7      | Lost mutation: You are weak. (Str -2) [potion of mutation]
  8904 | D:7      | Lost mutation: Your system is resistant to poisons. (rPois)
                  | [potion of mutation]
  8904 | D:7      | Gained mutation: You possess an exceptional clarity of
                  | mind. [potion of mutation]
  8904 | D:7      | Gained mutation: You are occasionally teleported next to
                  | monsters. [potion of mutation]
  8904 | D:7      | Gained mutation: Your body sometimes deteriorates upon
                  | taking damage. [potion of mutation]
  8904 | D:7      | Gained mutation: Your muscles are strong. (Str +2) [potion
                  | of mutation]
  8905 | D:7      | Lost mutation: You evolve. [potion of mutation]
  8905 | D:7      | Lost mutation: Your body sometimes deteriorates upon taking
                  | damage. [potion of mutation]
  8905 | D:7      | Lost mutation: You are dopey. (Int -2) [potion of mutation]
  8905 | D:7      | Gained mutation: You are partially covered in yellow
                  | scales. (AC +2) [potion of mutation]
  8905 | D:7      | Gained mutation: You passively map a small area around you.
                  | [potion of mutation]
  8905 | D:7      | Gained mutation: You have a somewhat thin skeletal
                  | structure. (Dex +2, Stealth) [potion of mutation]
  8943 | D:7      | Reached XP level 10. HP: 48/54 MP: 11/20
  9135 | D:7      | Reached skill level 5 in Dodging
  9566 | D:7      | Found Ijue's Book Shop.
 10328 | D:8      | Noticed a kobold demonologist
 10409 | D:8      | Noticed a two-headed ogre
 10419 | D:8      | Noticed an orange demon
 10474 | D:8      | Found a staircase to the Lair.
 10716 | D:8      | Noticed a soul eater
 10720 | D:8      | Noticed a soul eater
 10720 | D:8      | Killed a kobold demonologist
 11072 | D:8      | Noticed Maurice
 11123 | D:8      | Found a sparkling altar of Nemelex Xobeh.
 11138 | D:8      | Reached skill level 5 in Unarmed Combat
 11208 | D:8      | Reached ** piety under Vehumet
 11208 | D:8      | Offered knowledge of Searing Ray by Vehumet.
 11212 | D:8      | Learned a level 2 spell: Searing Ray
 11528 | D:8      | Killed a two-headed ogre
 11528 | D:8      | Reached XP level 11. HP: 25/59 MP: 16/23
 11786 | D:9      | Reached skill level 10 in Conjurations
 11943 | D:9      | HP: 2/90 [vampire mosquito (4)]
 12095 | D:9      | Learned a level 3 spell: Gell's Gravitas
 12409 | D:9      | Found a shimmering altar of Xom.
 12428 | D:9      | Offered knowledge of Static Discharge by Vehumet.
 12433 | D:9      | Learned a level 3 spell: Inner Flame
 12537 | D:9      | You fall through a shaft!
 12537 | D:10     | Entered Level 10 of the Dungeon
 12538 | D:10     | Found a burning altar of Makhleb.
 12921 | D:10     | Reached *** piety under Vehumet
 12959 | D:10     | Noticed Harold
 12974 | D:10     | Found a staircase to the Orcish Mines.
 12979 | D:10     | Reached skill level 1 in Translocations
 13165 | D:10     | Offered knowledge of Ignite Poison by Vehumet.
 13206 | D:10     | Killed Harold
 13734 | D:9      | Found a shattered altar of Ashenzari.
 14150 | D:10     | Noticed a two-headed ogre
 14164 | D:10     | Killed a two-headed ogre
 14643 | D:10     | Reached **** piety under Vehumet
 14803 | D:11     | Offered knowledge of Iskenderun's Battlesphere by Vehumet.
 14804 | D:11     | Reached skill level 10 in Spellcasting
 14972 | D:11     | Learned a level 4 spell: Force Lance
 15025 | D:11     | Reached XP level 12. HP: 64/64 MP: 3/27
 15356 | D:11     | Noticed a two-headed ogre
 15369 | D:11     | Killed a two-headed ogre
 15768 | D:11     | Found a portal to a secret trove of treasure.
 16091 | Lair:1   | Entered Level 1 of the Lair of Beasts
 16109 | Lair:1   | Reached skill level 10 in Fire Magic
 17061 | Lair:2   | Found a staircase to the Snake Pit.
 17238 | Lair:2   | Reached ***** piety under Vehumet
 17238 | Lair:2   | Offered knowledge of Venom Bolt by Vehumet.
 17269 | Lair:2   | HP: 3/64 [komodo dragon (5)]
 18116 | Lair:2   | Noticed a catoblepas
 18429 | Lair:2   | Reached skill level 5 in Stealth
 18823 | Lair:3   | Noticed a five-headed hydra
 19146 | Lair:3   | Killed a five-headed hydra
 19296 | Lair:3   | Found a large runed door.
 19296 | Lair:3   | Found a large runed door.
 19297 | Lair:3   | Noticed magicm's ghost (journeyman MiBe)
 19749 | Lair:4   | Noticed a death yak
 19750 | Lair:4   | Noticed a death yak
 19830 | Lair:4   | Reached XP level 13. HP: 64/69 MP: 17/29
 20704 | Lair:4   | Found a staircase to the Shoals.
 21127 | Lair:4   | Reached skill level 5 in Translocations
 22230 | Orc:1    | Entered Level 1 of the Orcish Mines
 23197 | D:12     | Learned a level 3 spell: Dazzling Spray
 23202 | D:12     | Learned a level 4 spell: Iskenderun's Mystic Blast
 23339 | D:12     | You fall through a shaft for 3 floors!
 23339 | D:15     | Entered Level 15 of the Dungeon
 23461 | D:15     | Found a sparkling altar of Nemelex Xobeh.
 23463 | D:15     | Offered knowledge of Throw Icicle by Vehumet.
 23583 | D:15     | Found a large runed door.
 23583 | D:15     | Found a large runed door.
 23589 | D:15     | Noticed diana's ghost (adept DrGl)
 23688 | D:15     | Noticed Louise
 23863 | D:14     | Noticed Nessos
 23888 | D:14     | Shot with an arrow by Nessos

Skill      XL: |  1  2  3  4  5  6  7  8  9 10 11 12 13 |
---------------+----------------------------------------+-----
Conjurations   | 2 3 4 5 6 7 8 9 10 11 12 | 12.7
Unarmed Combat | 1 2 3 4 5 |  5.0
Fire Magic     | 4 5 6 7 9 10 11 | 11.3
Dodging        | 3 4 5 6 |  6.9
Spellcasting   | 3 4 5 6 7 10 11 12 | 12.8
Stealth        | 3 4 5 |  5.0
Fighting       | 1 2 3 |  3.7
Crossbows      | 1 |  1.0
Evocations     | 1 2 |  2.2
Armour         | 1 |  1.7
Translocations | 2 4 5 |  5.3
Hexes          | |  0.1

Action                   |  1- 3 |  4- 6 |  7- 9 | 10-12 | 13-15 || total
-------------------------+-------+-------+-------+-------+-------++-------
Melee: Unarmed           |    78 |    55 |   153 |    92 |    17 ||   395
       Kick              |    21 |    10 |    45 |    40 |     7 ||   123
       Peck              |     8 |     6 |    19 |    19 |     5 ||    57
       Punch             |       |       |       |     5 |       ||     5
 Cast: Flame Tongue      |    41 |    48 |   153 |   323 |   119 ||   684
       Throw Flame       |     2 |    20 |    63 |    67 |    16 ||   168
       Conjure Flame     |       |       |    12 |    14 |     6 ||    32
       Fireball          |       |       |     7 |    49 |    26 ||    82
       Sticky Flame      |       |       |       |    75 |    40 ||   115
       Searing Ray       |       |       |       |    51 |    14 ||    65
       Gell's Gravitas   |       |       |       |    17 |    19 ||    36
       Force Lance       |       |       |       |    29 |     6 ||    35
       Inner Flame       |       |       |       |     1 |     3 ||     4
       Iskenderun's Myst |       |       |       |       |     2 ||     2
 Abil: Fly               |       |       |     3 |     5 |     3 ||    11
Evoke: Wand              |       |       |    13 |     9 |     7 ||    29
       Box of beasts     |       |       |       |     1 |     1 ||     2
  Use: Scroll            |     2 |     1 |     6 |    18 |     4 ||    31
       Potion            |     2 |     1 |     9 |     6 |     5 ||    23
 Stab: Sleeping          |     2 |     5 |     1 |     3 |       ||    11
  Eat: Chunk             |     2 |    10 |    13 |    37 |    17 ||    79
       Ration            |       |       |     2 |     4 |     1 ||     7
Armor: Robe              |    14 |     7 |    20 |    81 |    81 ||   203
       Skin              |       |       |    20 |    58 |       ||    78
       Leather armour    |       |       |    17 |       |       ||    17
Dodge: Dodged            |    65 |    68 |   204 |   329 |   264 ||   930
